 Dungeon Crawl Stone Soup version 0.23-a0-516-g0f8c245 (webtiles) character file.

298866 dinkinflicka the Warrior (level 20, -7/134 HPs)
             Began as an Octopode Wanderer on Dec 5, 2018.
             Was the Champion of Hepliaklqana.
             Mangled by a cyclops (24 damage)
             ... on level 2 of the Vaults.
             The game lasted 03:18:15 (65832 turns).

dinkinflicka the Warrior (Octopode Wanderer)       Turns: 65832, Time: 03:18:16

Health: -7/134     AC:  8    Str: 12    XL:     20   Next: 97%
Magic:  33/33      EV: 25    Int: 21    God:    Hepliaklqana [******]
Gold:   588        SH: 18    Dex: 17    Spells: 3/37 levels left

rFire    + . .     SeeInvis .   u - +1 demon whip (elec)
rCold    + . .     Gourm    .   t - +5 shield
rNeg     . . .     Faith    .   l - +2 hat
rPois    +         Spirit   .   r - amulet of the acrobat
rElec    .         Reflect  .   O - ring of protection from magic
rCorr    +         Harm     .   D - +5 ring of protection
MR       +++..                  q - ring of protection from fire
Stlth    +++.......             F - ring of protection from magic
HPRegen  0.32/turn              M - +4 ring of intelligence
MPRegen  0.23/turn              N - ring of resist corrosion
                                o - ring of Vir Argh {Ice rPois}
                                v - ring of protection from fire

@: no status effects
A: almost no armour, stealthy swim, amphibious, 8 rings, constrict 8, reduced
essence, camouflage 1, gelatinous body 1
}: 2/15 runes: decaying, gossamer
a: Recall Ancestor, Ancestor Identity, Transference, Idealise, Renounce Religion


You were on level 2 of the Vaults.
You worshipped Hepliaklqana.
Hepliaklqana was exalted by your worship.
You were not hungry.

You visited 8 branches of the dungeon, and saw 37 of its levels.
You also visited: Bailey and Ice Cave.

You collected 4302 gold pieces.
You spent 3714 gold pieces at shops.

Inventory:

Hand Weapons
 u - a +1 demon whip of electrocution (weapon)
Missiles
 h - 985 arrows
Armour
 l - a +2 hat (worn)
 t - a +5 shield (worn)
Jewellery
 o - the ring of Vir Argh (on tentacle) {Ice rPois}
   (You took it off a deep elf demonologist on level 3 of the Elven Halls)

   [ring of ice]

   It enhances your ice magic.
   It makes you vulnerable to fire.
   It protects you from cold.
   It protects you from poison.
 q - a ring of protection from fire (on tentacle)
 r - an amulet of the acrobat (around mantle)
 v - a ring of protection from fire (on tentacle)
 D - a +5 ring of protection (right tentacle)
 F - a ring of protection from magic (on tentacle)
 M - a +4 ring of intelligence (on tentacle)
 N - a ring of resist corrosion (on tentacle)
 O - a ring of protection from magic (left tentacle)
 R - an uncursed ring of see invisible
 Y - an uncursed ring of positive energy
Wands
 A - a wand of paralysis (16)
 B - a wand of enslavement (15)
 E - a wand of acid (24)
 H - a wand of digging (13)
 L - a wand of clouds (3)
 Q - a wand of scattershot (12)
 W - a wand of iceblast (56)
Scrolls
 d - 10 scrolls of fog
 e - a scroll of holy word
 f - 17 scrolls of teleportation
 i - 21 scrolls of remove curse {@r2}
 m - a scroll of identify {@r1}
 y - 6 scrolls of blinking
 G - 3 scrolls of summoning
 U - 4 scrolls of fear
 V - 6 scrolls of magic mapping
Potions
 a - 4 potions of haste
 b - 7 potions of curing {@q1}
 g - 4 potions of agility
 j - 3 potions of magic
 n - 4 potions of resistance
 s - 7 potions of flight
 w - 3 potions of cancellation
 x - 3 potions of invisibility
 z - 2 potions of heal wounds
 J - 2 potions of lignification
 P - 3 potions of mutation
 S - 4 potions of ambrosia
Miscellaneous
 k - a lamp of fire
 C - a phantom mirror
 K - a box of beasts
 T - a sack of spiders
 X - a lightning rod (4/4)
 Z - a fan of gales
Comestibles
 c - 30 rations
 p - 6 chunks of flesh


   Skills:
 * Level 16.6 Fighting
   Level 12.0(13.1) Axes
 - Level 9.4(12.0) Maces & Flails
 - Level 2.0 Throwing
 - Level 16.0 Dodging
 - Level 15.0 Shields
 - Level 9.0 Spellcasting
 - Level 2.0 Conjurations
 - Level 2.0 Charms
 - Level 7.0 Necromancy
 - Level 4.0 Translocations
 + Level 7.3 Transmutations
 - Level 4.0 Air Magic
 - Level 12.0 Earth Magic
 - Level 3.0 Poison Magic
 - Level 4.0 Invocations
 - Level 6.0 Evocations


You had 3 spell levels left.
You knew the following spells:

 Your Spells              Type           Power        Failure   Level  Hunger
a - Mephitic Cloud        Conj/Pois/Air  ###.....     6%          3    None
b - Ignite Poison         Fire/Tmut/Pois ###.....     5%          3    None
c - Poisonous Vapours     Pois/Air       ###...       2%          2    None
d - Blink                 Tloc           N/A          1%          2    None
e - Call Imp              Summ           #.......     11%         2    None
f - Borgnjor's Vile Clut  Necr/Erth      #####.....   4%          5    #####..
g - Statue Form           Tmut/Erth      ######...    21%         6    ######.
h - Sticks to Snakes      Tmut           #####...     1%          2    None
i - Passwall              Tmut/Erth      ######..     1%          2    None
j - Dispel Undead         Necr           #####...     11%         5    #####..
k - Swiftness             Chrm/Air       ###.....     3%          2    None

Your spell library contained the following spells:

 Spells                   Type           Power        Failure   Level  Hunger
 Sandblast                Erth           ######       1%          1    None
 Corpse Rot               Necr           N/A          1%          2    None
 Sublimation of Blood     Necr           #####.....   1%          2    None
 Stone Arrow              Conj/Erth      #####.       1%          3    None
 Sting                    Conj/Pois      ###.         2%          1    None
 Magic Dart               Conj           ###.         3%          1    None
 Flame Tongue             Conj/Fire      ##...        4%          1    None
 Confusing Touch          Hex            #.....       7%          1    None
 Corona                   Hex            #......      7%          1    None
 Throw Flame              Conj/Fire      ##....       7%          2    None
 Throw Frost              Conj/Ice       ###...       7%          2    None
 Portal Projectile        Hex/Tloc       ###...       10%         3    None
 Slow                     Hex            #.......     11%         2    None
 Conjure Flame            Conj/Fire      ##......     14%         3    None
 Inner Flame              Hex/Fire       #.......     22%         3    None
 Tukima's Dance           Hex            #.......     22%         3    None
 Petrify                  Tmut/Erth      ######..     1%          4    ###....
 Lee's Rapid Deconstruct  Erth           ######....   1%          5    #####..
 Leda's Liquefaction      Hex/Erth       ####......   6%          4    ###....
 Passage of Golubria      Tloc           N/A          14%         4    ###....
 Ice Form                 Ice/Tmut       #####...     16%         4    ###....
 Olgreb's Toxic Radiance  Pois           ###.....     21%         4    ###....
 Bolt of Magma            Conj/Fire/Erth ####......   28%         5    #####..
 Bolt of Draining         Conj/Necr      ####......   30%         5    #####..
 Irradiate                Conj/Tmut      ####......   30%         5    #####..
 Yara's Violent Unravell  Hex/Tmut       ###.......   41%         5    #####..
 Sticky Flame             Conj/Fire      ##......     43%         4    ###....
 Hydra Form               Tmut           #####.....   50%         6    ######.
 Iron Shot                Conj/Erth      #####.....   52%         6    ######.
 Cause Fear               Hex            #.........   56%         4    ###....
 Summon Ice Beast         Ice/Summ       ##......     56%         4    ###....
 Venom Bolt               Conj/Pois      ###.......   56%         5    #####..
 Silence                  Hex/Air        ###.......   65%         5    #####..
 Fireball                 Conj/Fire      ##........   78%         5    #####..
 Metabolic Englaciation   Hex/Ice        ##........   89%         5    #####..
 Dragon Form              Tmut           #####.....   97%         7    #######
 Bolt of Cold             Conj/Ice       ###.......   100%        6    ######.
 Bolt of Fire             Conj/Fire      ##........   100%        6    ######.
 Darkness                 Hex            #.........   100%        6    ######.
 Invisibility             Hex            #.......     100%        6    ######.
 Ozocubu's Refrigeration  Ice            ##........   100%        6    ######.
 Ring of Flames           Chrm/Fire      ##........   100%        7    #######
 Ignition                 Fire           #.........   100%        8    #######
 Shatter                  Erth           ######....   100%        9    #######


Dungeon Overview and Level Annotations

Branches:
Dungeon (15/15)            Temple (1/1) D:6            Lair (6/6) D:10
  Swamp (4/4) Lair:4       Spider (4/4) Lair:2        Slime (0/5) Lair:5
    Orc (2/2) D:10            Elf (3/3) Orc:2        Vaults (2/5) D:14
 Depths (0/5) D:15
  Crypt: Vaults:2-3

Altars:
Ashenzari
Cheibriados
Dithmenos
Elyvilon
Fedhas
Gozag
Hepliaklqana
Kikubaaqudgha
Makhleb
Nemelex Xobeh
Okawaru
Qazlal
Ru
Sif Muna
Trog
Uskayaw
Vehumet
Wu Jian
Xom
Yredelemnul
Zin
The Shining One
Beogh

Shops:
Orc:2 (*=[   Elf:1 %}}=   Elf:2 %!:?

Annotations:
D:9 3 runed doors, exclusion: obsidian statue
Lair:5 exclusion: downstairs


Innate Abilities, Weirdness & Mutations

You cannot wear most types of armour.
You are very stealthy in the water. (Stealth+)
You are amphibious.
You can wear up to eight rings at the same time.
You can use your tentacles to constrict eight enemies at once.
Your skin changes colour to match your surroundings (Stealth+).
Your rubbery body absorbs attacks. (AC +1, EV +1)
Your life essence is reduced to manifest your ancestor. (-10% HP)


Message History

Kenneth hits the ironbrand convoker but does no damage.
You barely miss the vault warden. Your grab misses the vault warden.
You hit the vault warden. Your grab misses the vault warden.
Kenneth closely misses the vault warden.
Kenneth hits the ironbrand convoker with a +0 broad axe of flaming.
Kenneth burns the ironbrand convoker.
Kenneth hits the cyclops with a +0 broad axe of flaming.
Kenneth burns the cyclops.
You hit the vault warden but do no damage.
You grab the vault warden.
You constrict the vault warden, but do no damage.
The vault warden hits you with a +7 war axe of electrocution!!!
* * * LOW HITPOINT WARNING * * *
You are electrocuted!
* * * LOW HITPOINT WARNING * * *
The vault warden hits Kenneth with a +7 war axe of electrocution!!!
Lightning courses through Kenneth!
Kenneth is destroyed!
The cyclops hits you!!
You die...

### #.. ........... '.+
#.# #........... #'# #.#
#8...8...8.. #.+ #.#
#........... .#####.#
+........... ##)..'.#
#((......... .))..#.#
#8..)8...8..
##)).#.#######..C(.......
#####.........(@pp......
####################


You could see a vault warden, a cyclops and an ironbrand convoker (unaware).

Vanquished Creatures
  Saint Roka (Orc:2)
  the Lernaean hydra (Swamp:4)
  Arachne (Spider:2)
  Jorgrun (Spider:2)
  Rupert (Lair:6)
  An Ice Fiend (IceCv)
  A deep elf master archer (Elf:3)
  A deep elf blademaster (Elf:3)
  The ghost of Eptagon the Blocker, an adept GnFi of Okawaru (Spider:1)
  A revenant (Vaults:2)
  9 deep elf sorcerers
  A ghost moth (Spider:1)
  2 vault wardens (Vaults:1)
  A deep elf elementalist (Elf:3)
  5 emperor scorpions
  5 ironheart preservers
  2 entropy weavers
  7 deep elf demonologists
  2 spark wasps
  4 deep elf annihilators (Elf:3)
  Snorg (D:11)
  4 deep elf death magi (Elf:3)
  A fire dragon (Lair:4)
  5 deep elf high priests
  10 hydras
  Fannar (D:11)
  A catoblepas (Lair:6)
  6 alligators
  2 centaur warriors
  2 ogre magi
  14 two-headed ogres
  4 death scarabs (Spider:4)
  16 dancing weapons
  A tengu warrior (D:12)
  An orc high priest (Orc:2)
  A deep troll earth mage (Vaults:1)
  Nergalle (D:10)
  18 deep elf knights
  A spriggan druid (Swamp:4)
  4 deep trolls (Vaults:1)
  3 wizards
  2 wolf spider zombies (Spider:4)
  Pikel (D:7)
  5 swamp dragons
  6 deep elf archers
  7 orc knights
  3 ironbrand convokers (Vaults:1)
  6 orc sorcerers
  6 orb spiders
  A spectral wolf spider (Spider:4)
  2 oklob plants (Lair:4)
  32 deep elf magi
  3 cyclopes
  9 ugly things
  A manticore (D:13)
  12 wolf spiders
  3 moths of wrath (Spider:4)
  4 vault sentinels (Vaults:1)
  A naga mage (D:15)
  2 black mambas
  2 centaur zombies
  3 elephants
  23 spiny frogs
  A gargoyle (D:10)
  A spectral redback (Spider:4)
  A torpor snail (Spider:3)
  A kobold demonologist (D:13)
  5 komodo dragons
  2 rime drakes
  A yaktaur (Vaults:1)
  4 anaconda simulacra (IceCv)
  A demonic crawler (Spider:2)
  8 ice devils (IceCv)
  A redback zombie (Spider:4)
  A golden dragon simulacrum (IceCv)
  4 trolls
  5 tyrant leeches
  24 jumping spiders
  Grinder (D:6)
  3 bog bodies (Swamp:2)
  6 hornets
  A raiju (shapeshifter) (Vaults:1)
  A harpy skeleton (D:15)
  A spectral tarantella (Spider:4)
  4 hippogriffs
  4 slime creatures
  4 dream sheep (Lair:6)
  12 blink frogs
  2 spriggans
  2 air elementals
  A jumping spider zombie (Spider:4)
  49 redbacks
  2 shadows
  16 tarantellas
  3 wyverns
  25 yaks
  A dire elephant simulacrum (IceCv)
  A tarantella (shapeshifter) (Vaults:1)
  2 water elementals
  2 hogs (D:7)
  A human (shapeshifter) (Elf:3)
  2 wraiths
  3 fire elementals
  5 basilisks
  5 humans
  2 hungry ghosts
  3 wargs
  Edmund (D:6)
  A harpy simulacrum (IceCv)
  25 vampire mosquitoes
  6 insubstantial wisps
  An acid dragon (D:15)
  A soldier ant (D:15)
  2 iron troll simulacra (IceCv)
  2 hydra simulacra (IceCv)
  6 water moccasins
  2 spectral hornets (Spider:4)
  12 swamp worms
  2 porcupines
  3 sky beasts
  13 swamp drakes
  25 orc warriors
  2 ice beasts
  A black bear (D:6)
  A phantom (D:12)
  16 wolves
  33 ogres
  A necrophage (D:8)
  4 centaurs
  2 boggarts (Vaults:1)
  13 crocodiles
  3 big kobolds
  A gnoll sergeant (D:12)
  18 bullfrogs
  A knight (D:15)
  A scorpion (D:11)
  2 water moccasin skeletons
  An elephant simulacrum (IceCv)
  8 killer bees
  2 howler monkeys
  12 wights
  2 electric eels
  4 crimson imps
  4 bullfrog zombies
  2 quasits
  A draconian simulacrum (IceCv)
  5 hounds
  2 jellies
  10 orc priests
  2 centaur skeletons
  14 orc wizards
  4 iguanas
  A worker ant (shapeshifter) (Vaults:1)
  Ijyb (D:10)
  3 troll simulacra (IceCv)
  4 worker ants
  2 spriggan simulacra (IceCv)
  2 centaur simulacra (IceCv)
  A hound skeleton (D:11)
  Robin (D:3)
  2 howler monkey skeletons
  18 gnolls
  9 adders
  3 naga simulacra (IceCv)
  An ogre simulacrum (IceCv)
  A shadow imp (D:4)
  5 white imps (IceCv)
  6 ufetubi (IceCv)
  An ooze (D:6)
  2 worms
  A dart slug (D:1)
  3 leopard geckos
  61 orcs
  7 giant cockroaches
  20 goblins
  18 hobgoblins
  10 jackals
  3 quokkas
  2 ball pythons
  4 bats
  5 frilled lizards
  23 kobolds
  A leopard gecko skeleton (D:7)
  A leopard gecko zombie (D:6)
  A quokka skeleton (D:9)
  6 rats
  3 crawling corpses (Elf:3)
1009 creatures vanquished.

Vanquished Creatures (collateral kills)
  A deep elf blademaster (Elf:2)
  Roxanne (Spider:4)
  2 deep elf sorcerers (Elf:3)
  The ghost of Tiuhor the Grappler, a journeyman TrFi of Makhleb (Lair:6)
  3 ghost moths
  The ghost of Xuizouc the Severer, a journeyman MiBe of Trog (Swamp:2)
  An emperor scorpion (Spider:4)
  An entropy weaver (Spider:2)
  An ironheart preserver (D:14)
  A deep elf demonologist (Elf:3)
  5 deep elf annihilators
  A spark wasp (Spider:4)
  A deep elf death mage (Elf:3)
  Josephine (D:11)
  4 hydras
  A rakshasa (D:15)
  7 two-headed ogres
  A catoblepas (D:13)
  4 dancing weapons
  3 alligators
  A tengu warrior (D:15)
  4 death scarabs (Spider:4)
  5 ogre magi
  2 deep elf knights
  2 unseen horrors
  3 swamp dragons (Swamp:4)
  3 deep elf archers
  An orc knight (Bailey)
  A wizard (D:15)
  A lindwurm (Lair:5)
  12 deep elf magi
  An ironbrand convoker (Vaults:1)
  2 spectral wolf spiders (Spider:4)
  3 orb spiders
  An orb spider (shapeshifter) (Vaults:1)
  2 wolf spiders
  2 manticores
  An orc sorcerer (Orc:2)
  2 moths of wrath
  10 ugly things
  3 oklob plants (Lair:4)
  3 cyclopes
  3 ice statues
  2 elephants (Lair:3)
  2 centaur zombies
  Maurice (Orc:1)
  2 black mambas
  2 vault sentinels (Vaults:1)
  2 torpor snails
  2 centaur skeletons
  A spectral redback (Spider:4)
  12 spiny frogs
  4 yaktaurs
  6 demonic crawlers
  A kobold demonologist (Bailey)
  2 efreet
  2 tengu conjurers
  An anaconda simulacrum (IceCv)
  A golden dragon simulacrum (IceCv)
  3 trolls
  A spectral tarantella (Spider:4)
  A polar bear (Lair:6)
  9 jumping spiders
  7 tyrant leeches
  3 hornets
  A tarantella zombie (Spider:4)
  A jumping spider zombie (Spider:4)
  10 blink frogs
  A wolf spider simulacrum (IceCv)
  11 slime creatures
  4 hippogriffs
  3 dream sheep (Lair:6)
  18 redbacks
  2 vampires
  2 air elementals (Elf:3)
  3 wraiths
  A shadow (Swamp:3)
  8 tarantellas
  2 dire elephant simulacra (IceCv)
  A water elemental (Elf:2)
  2 humans (D:10)
  Eustachio (D:6)
  10 yaks
  A basilisk (Lair:6)
  9 vampire mosquitoes
  2 hogs (D:7)
  2 hungry ghosts
  3 fire elementals
  2 death yak simulacra (IceCv)
  2 insubstantial wisps (Swamp:1)
  A warg (Orc:2)
  4 swamp worms
  An iron troll simulacrum (IceCv)
  A harpy simulacrum (D:15)
  A floating eye (shapeshifter) (Elf:1)
  A hydra simulacrum (IceCv)
  3 water moccasins
  A porcupine (Lair:4)
  A spectral hornet (Spider:4)
  3 swamp drakes
  2 ice beasts (D:10)
  16 orc warriors
  4 sky beasts
  2 ettin simulacra (IceCv)
  A black bear (D:6)
  A boggart (Vaults:1)
  9 ogres
  4 centaurs (D:14)
  2 phantoms
  4 wolves
  A big kobold (D:9)
  A crocodile (Lair:1)
  9 bullfrogs
  A gnoll sergeant (D:7)
  A scorpion (D:7)
  5 killer bees
  A howler monkey (D:9)
  5 electric eels
  A bullfrog zombie (D:10)
  3 crimson imps
  2 jellies
  A bullfrog skeleton (D:13)
  8 orc priests
  A hound (D:7)
  2 iguanas
  7 orc wizards
  3 worker ants
  A troll simulacrum (IceCv)
  A hound zombie (D:9)
  A hound skeleton (D:10)
  A worker ant zombie (D:11)
  2 adders
  5 gnolls
  A shadow imp (D:12)
  2 ufetubi (IceCv)
  A leopard gecko (D:7)
  21 orcs
  2 goblins (Bailey)
  A hobgoblin (Bailey)
  A kobold (D:13)
432 creatures vanquished.

Vanquished Creatures (others)
  A deep elf master archer (Elf:3)
  A deep elf archer (Vaults:1)
  An ugly thing (D:15)
  A yaktaur (Vaults:1)
  A scorpion (D:8)
  26 knights
  4 ancestors
  2 kobolds (D:11)
  12 fungi
  52 plants
101 creatures vanquished.

Grand Total: 1542 creatures vanquished

Notes
Turn   | Place    | Note
-------+----------+-------------------------------------------
     0 | D:1      | dinkinflicka the Octopode Wanderer began the quest for the
                  | Orb.
     0 | D:1      | dinkinflicka set off with the following items: a +2 hand
                  | axe, 2 potions of curing {@q1}, a ration
     0 | D:1      | Reached XP level 1. HP: 14/14 MP: 2/2
   143 | D:1      | Reached skill level 1 in Dodging
   198 | D:1      | Reached XP level 2. HP: 19/19 MP: 3/3
   824 | D:1      | Reached XP level 3. HP: 21/24 MP: 4/4
  1306 | D:2      | Noticed Robin
  1662 | D:2      | Reached XP level 4. HP: 30/30 MP: 5/5
  1921 | D:3      | Killed Robin
  2973 | D:4      | Found a hide-covered altar of Uskayaw.
  2979 | D:4      | Noticed an ogre
  3004 | D:4      | Reached XP level 5. HP: 28/36 MP: 6/6
  3009 | D:4      | You fall through a shaft for 2 floors!
  3149 | D:6      | Found a bloodstained altar of Trog.
  3149 | D:6      | Noticed a black bear
  3167 | D:6      | Noticed an ogre
  3207 | D:6      | Killed an ogre
  3377 | D:6      | Found a staircase to the Ecumenical Temple.
  3386 | Temple   | Entered the Ecumenical Temple
  3474 | Temple   | Became a worshipper of Hepliaklqana the Forgotten
  3552 | D:6      | Reached XP level 6. HP: 33/37 MP: 7/7
  3574 | D:6      | Killed a black bear
  3582 | D:6      | Noticed a black bear
  3708 | D:6      | Killed a black bear
  3708 | D:6      | Reached skill level 5 in Dodging
  3874 | D:6      | Reached XP level 7. HP: 18/42 MP: 8/8
  4089 | D:6      | Noticed Edmund
  4089 | D:6      | Noticed Grinder
  4099 | D:5      | Entered Level 5 of the Dungeon
  4117 | D:5      | Noticed a wyvern
  4344 | D:4      | Reached * piety under Hepliaklqana
  4446 | D:4      | Found an iron altar of Okawaru.
  4723 | D:4      | Found a shadowy altar of Dithmenos.
  5395 | D:5      | Reached XP level 8. HP: 24/48 MP: 9/9
  5468 | D:5      | Reached skill level 5 in Fighting
  5537 | D:5      | Noticed a hippogriff
  5685 | D:5      | Reached ** piety under Hepliaklqana
  5686 | D:5      | Remembered your ancestor Kenneth as a knight
  5758 | D:5      | Killed a wyvern
  5789 | D:5      | Reached skill level 1 in Evocations
  5951 | D:5      | Got a pitted hand axe
  6059 | D:5      | Killed a hippogriff
  6059 | D:5      | Reached skill level 1 in Invocations
  6130 | D:5      | Identified the +6 hand axe of the World {flame, Int+3} (You
                  | found it on level 5 of the Dungeon)
  6188 | D:6      | Noticed Eustachio
  6193 | D:6      | Killed Eustachio
  6193 | D:6      | Reached XP level 9. HP: 52/55 MP: 10/10
  6350 | D:6      | Killed Grinder
  6419 | D:6      | Killed Edmund
  6955 | D:7      | Reached *** piety under Hepliaklqana
  7624 | D:8      | Found a basalt altar of Yredelemnul.
  7658 | D:8      | Reached skill level 1 in Shields
  7704 | D:8      | Noticed Pikel
  7719 | D:7      | Killed Pikel
  7719 | D:7      | Reached skill level 10 in Dodging
  7719 | D:7      | Reached XP level 10. HP: 45/63 MP: 13/13
  8092 | D:9      | Found a runed door.
  8167 | D:9      | Found a burning altar of Makhleb.
  8178 | D:9      | Found a shimmering altar of Xom.
  8217 | D:9      | Found a runed door.
  8224 | D:9      | Found an ancient bone altar of Kikubaaqudgha.
  8242 | D:9      | Noticed a two-headed ogre
  8250 | D:9      | Killed a two-headed ogre
  8252 | D:9      | Found a runed door.
  8265 | D:9      | Found a runed door.
  8279 | D:9      | Found a shimmering altar of Xom.
  8468 | D:9      | Reached **** piety under Hepliaklqana
  8514 | D:9      | Found a snail-covered altar of Cheibriados.
  8561 | D:9      | Reached skill level 5 in Shields
  8722 | D:10     | Entered Level 10 of the Dungeon
  8798 | D:10     | Found a flagged portal.
  8800 | D:10     | Noticed Nergalle
  8904 | D:10     | Found a staircase to the Lair.
  8963 | Bailey   | Entered a bailey
  9168 | Bailey   | Noticed an orc knight
  9178 | Bailey   | Killed an orc knight
  9178 | Bailey   | Reached XP level 11. HP: 17/69 MP: 14/14
  9287 | Bailey   | Found an iron altar of Okawaru.
  9287 | Bailey   | Noticed an orc sorcerer
  9302 | Bailey   | Noticed a sun demon
  9306 | Bailey   | Reached skill level 5 in Axes
  9326 | Bailey   | Paralysed by an orc sorcerer for 5 turns
  9333 | Bailey   | Killed an orc sorcerer
  9829 | Bailey   | Noticed an orc knight
 10172 | Bailey   | Killed an orc knight
 10577 | Bailey   | Got a translucent spear
 10587 | Bailey   | Identified the +2 spear of Growth {pierce, MR+} (You found
                  | it in a bailey)
 10801 | Lair:1   | Entered Level 1 of the Lair of Beasts
 11225 | Lair:1   | Noticed a four-headed hydra
 11358 | Lair:1   | Killed a one-headed hydra
 11879 | Lair:2   | Reached XP level 12. HP: 67/73 MP: 15/15
 12182 | Lair:2   | Reached skill level 10 in Shields
 12298 | Lair:2   | Reached ***** piety under Hepliaklqana
 12533 | Lair:2   | Found a hole to the Spider Nest.
 12708 | Lair:2   | Noticed a fire dragon
 15764 | D:10     | Killed Nergalle
 16021 | D:10     | Found a staircase to the Orcish Mines.
 16323 | D:10     | Found a shattered altar of Ashenzari.
 16810 | D:10     | Found a runed door.
 16911 | D:10     | Noticed Ijyb
 16917 | D:10     | Killed Ijyb
 17451 | D:11     | Noticed Josephine
 17476 | D:11     | Reached XP level 13. HP: 81/81 MP: 16/16
 18036 | D:11     | Found a shimmering altar of Xom.
 18283 | D:11     | Noticed Fannar
 18293 | D:11     | Noticed Snorg
 18309 | D:11     | Killed Snorg
 18329 | D:11     | Killed Fannar
 18339 | D:11     | Learned a level 3 spell: Mephitic Cloud
 19120 | D:11     | Killed Josephine
 19120 | D:11     | Reached skill level 1 in Poison Magic
 19473 | D:12     | Reached skill level 1 in Conjurations
 19473 | D:12     | Reached skill level 1 in Air Magic
 23309 | D:13     | Reached skill level 5 in Evocations
 23309 | D:13     | Reached XP level 14. HP: 38/88 MP: 17/19
 24277 | Lair:4   | Identified the Grimoire of Baldness
 24297 | Lair:4   | Learned a level 3 spell: Ignite Poison
 24320 | Lair:4   | Found a hazy altar of Hepliaklqana.
 24446 | Lair:4   | Reached skill level 10 in Fighting
 24477 | Lair:4   | Found a staircase to the Swamp.
 26321 | Lair:5   | Found a staircase to the Slime Pits.
 27429 | Lair:5   | Learned a level 2 spell: Poisonous Vapours
 27430 | Lair:6   | Entered Level 6 of the Lair of Beasts
 27430 | Lair:6   | Noticed Rupert
 28206 | D:14     | Noticed an ironheart preserver
 28268 | D:14     | Found a gate to the Vaults.
 28306 | D:14     | Killed an ironheart preserver
 28662 | D:14     | Reached skill level 5 in Spellcasting
 29644 | D:15     | Entered Level 15 of the Dungeon
 29966 | D:15     | Found a stormy altar of Qazlal.
 32025 | D:15     | Reached XP level 15. HP: 64/97 MP: 22/22
 32840 | D:15     | Found a staircase to the Depths.
 33062 | Orc:1    | Entered Level 1 of the Orcish Mines
 33210 | Orc:1    | Noticed Maurice
 33241 | Orc:1    | Killed Maurice
 33702 | Orc:1    | Reached skill level 10 in Axes
 34311 | Orc:2    | Entered Level 2 of the Orcish Mines
 34807 | Orc:2    | Found a staircase to the Elven Halls.
 35153 | Orc:2    | Noticed Saint Roka
 36859 | Orc:2    | Found a roughly hewn altar of Beogh.
 36915 | Orc:2    | Killed Saint Roka
 37228 | Orc:2    | Found Hely's Antique Weapon Shop.
 37280 | Orc:2    | Found Xuruzess's General Store.
 37300 | Orc:2    | Bought a potion of resistance for 100 gold pieces
 37300 | Orc:2    | Bought a scroll of enchant armour for 75 gold pieces
 37300 | Orc:2    | Bought a potion of ambrosia for 80 gold pieces
 37310 | Orc:2    | Found Ufabb's Antique Armour Shop.
 37386 | Orc:2    | Found Jisenon's Jewellery Shop.
 37392 | Orc:2    | Bought an uncursed amulet of the acrobat for 450 gold
                  | pieces
 37392 | Orc:2    | Bought an uncursed ring of poison resistance for 300 gold
                  | pieces
 37392 | Orc:2    | Bought a +5 ring of protection for 825 gold pieces
 37403 | Orc:2    | Bought an uncursed ring of protection from magic for 375
                  | gold pieces
 38249 | Lair:6   | Reached skill level 15 in Shields
 38993 | Lair:6   | Reached XP level 16. HP: 97/104 MP: 23/23
 39526 | Lair:6   | Found a runed door.
 39529 | Lair:6   | Noticed Tiuhor's ghost (journeyman TrFi)
 39962 | Lair:6   | Killed Rupert
 40559 | Spider:1 | Entered Level 1 of the Spider Nest
 40571 | Spider:1 | Found a runed door.
 40575 | Spider:1 | Found a shimmering altar of Xom.
 40575 | Spider:1 | Noticed Eptagon's ghost (adept GnFi)
 40576 | Spider:1 | Identified the +5 demon whip of Generosity {chaos, rC+
                  | Str+3 Dex-2}
 40630 | Spider:1 | Reached skill level 1 in Maces & Flails
 43161 | Spider:2 | Learned a level 2 spell: Blink
 43164 | Spider:2 | Learned a level 2 spell: Call Imp
 43478 | Spider:2 | Noticed Jorgrun
 43707 | Spider:3 | Reached skill level 1 in Translocations
 43711 | Spider:3 | Found a frozen archway.
 43756 | Spider:3 | Noticed Arachne
 43785 | Spider:2 | Killed Arachne
 43785 | Spider:2 | Reached skill level 5 in Maces & Flails
 43835 | IceCv    | Entered an ice cave
 44568 | IceCv    | Reached XP level 17. HP: 111/111 MP: 24/24
 45349 | IceCv    | Noticed an Ice Fiend
 45777 | IceCv    | Killed an Ice Fiend
 46160 | IceCv    | Identified the Incunabulum of the Evil Frostbite
 47463 | Spider:3 | Learned a level 5 spell: Borgnjor's Vile Clutch
 47632 | Spider:4 | Entered Level 4 of the Spider Nest
 47816 | Spider:4 | Identified Roxanne's Collected Works on Shape Shifting
 47816 | Spider:4 | Noticed Roxanne
 47838 | Spider:4 | Reached skill level 1 in Earth Magic
 48474 | Spider:4 | Learned a level 6 spell: Statue Form
 49659 | Spider:4 | Reached skill level 15 in Dodging
 49959 | Spider:4 | Reached XP level 18. HP: 105/117 MP: 13/27
 50027 | Spider:4 | Got a gossamer rune of Zot
 50495 | Spider:4 | Killed Roxanne
 50495 | Spider:4 | Reached skill level 5 in Earth Magic
 50651 | Spider:2 | Killed Jorgrun
 51065 | Swamp:1  | Entered Level 1 of the Swamp
 51137 | Swamp:1  | Learned a level 2 spell: Sticks to Snakes
 51140 | Swamp:1  | Learned a level 2 spell: Passwall
 51593 | Swamp:1  | Reached skill level 1 in Transmutations
 52190 | Swamp:2  | Found a large runed door.
 52190 | Swamp:2  | Found a large runed door.
 52191 | Swamp:2  | Noticed Xuizouc's ghost (journeyman MiBe)
 52900 | Swamp:3  | Reached skill level 5 in Necromancy
 53935 | Swamp:4  | Entered Level 4 of the Swamp
 54667 | Swamp:4  | Noticed the 27-headed Lernaean hydra
 54685 | Swamp:4  | Killed the 27-headed Lernaean hydra
 55111 | Swamp:4  | Got a decaying rune of Zot
 55530 | Elf:1    | Entered Level 1 of the Elven Halls
 55778 | Elf:1    | Found Goaforu's Gadget Shop.
 55780 | Elf:1    | Found Lirisa's Jewellery Emporium.
 55781 | Elf:1    | Found Musauf's Gadget Shop.
 55790 | Elf:1    | Bought a wand of paralysis (12) for 224 gold pieces
 55794 | Elf:1    | Bought a wand of iceblast (12) for 208 gold pieces
 55794 | Elf:1    | Bought a wand of acid (8) for 312 gold pieces
 55804 | Elf:1    | Bought an uncursed ring of resist corrosion for 260 gold
                  | pieces
 55810 | Elf:1    | Bought an uncursed ring of protection from fire for 325
                  | gold pieces
 55865 | Elf:1    | Found Guaczigh's Food Shop.
 56315 | Elf:1    | Reached XP level 19. HP: 122/122 MP: 30/30
 56815 | Elf:2    | Found Zufyif's Magic Scroll Boutique.
 57369 | Elf:2    | Found Uruw's Distillery.
 57375 | Elf:2    | Found Riosup's Food Shoppe.
 57444 | Elf:2    | Bought a potion of heal wounds for 60 gold pieces
 57505 | Elf:2    | Found a runed gate.
 57505 | Elf:2    | Found a runed gate.
 57505 | Elf:2    | Found a runed gate.
 57541 | Elf:2    | Found Sitoewnu's Book Emporium.
 57555 | Elf:2    | Learned a level 5 spell: Dispel Undead
 57638 | Elf:3    | Entered Level 3 of the Elven Halls
 57744 | Elf:3    | Found a deep blue altar of Sif Muna.
 58740 | Elf:3    | Reached skill level 10 in Earth Magic
 59475 | Elf:3    | Identified the ring of Vir Argh {Ice rPois}
 59800 | Elf:3    | Identified the Guide on Evil Rites and Beguiling
 59806 | Elf:3    | Identified the Catalogue of Toxic Moulding
 60016 | Elf:3    | Identified Nautt's Reference Book on Earthen Cold
 60063 | Elf:3    | Got a dazzling morningstar
 60064 | Elf:3    | Identified the +11 morningstar of Context {venom, Str+2
                  | Dex+2} (You found it on level 3 of the Elven Halls)
 60437 | Elf:2    | Bought a scroll of enchant weapon for 120 gold pieces
 60477 | Elf:2    | Learned a level 2 spell: Swiftness
 60499 | Elf:2    | Reached XP level 20. HP: 116/129 MP: 32/32
 60571 | Elf:2    | Reached ****** piety under Hepliaklqana
 60580 | Elf:2    | Reached skill level 1 in Charms
 62045 | Lair:6   | Killed Tiuhor's ghost
 62045 | Lair:6   | Reached skill level 15 in Fighting
 62243 | Swamp:2  | Killed Xuizouc's ghost
 62250 | Swamp:2  | Got a coiled graven amulet
 62256 | Swamp:2  | Identified the Reference Book on Poisonous Clay
 62328 | Swamp:2  | Identified the amulet "Veros" {Inacc *Drain MR+++ Int-4
                  | Dex+2} (You found it on level 2 of the Swamp)
 62479 | Spider:1 | Killed Eptagon's ghost
 63051 | Vaults:1 | Entered Level 1 of the Vaults
 63109 | Vaults:1 | Reached skill level 5 in Transmutations
 65657 | Vaults:2 | Noticed a Tzitzimitl
 65832 | Vaults:2 | Mangled by a cyclops

Vault maps used:
D:1:      psy_arrival_radial01
D:2:      glass_columns_c, nicolae_underground_beach, uniq_robin
D:3:      first_ration
D:4:      grunt_dithmenos_shadows, lemuel_doored_altar, gup_sewer_entry_bowl,
          okawaru_metal_pillars_1_2
D:6:      trog_ov_bears_minmay, minmay_temple_entry_mist, fountainhead,
          uniq_edmund, uniq_eustachio, uniq_grinder
D:7:      grunt_livestock
D:8:      nicolae_overflow_crystal_walls, uniq_pikel
D:9:      kennysheep_little_box, marbit_many_paths, basic_altar,
          hangedman_feature_mirror, minmay_statue_crystal_thing
D:10:     erik_cavepeople, lair_entry_dummy, orc_0_dummy, basic_altar,
          enter_bailey_3, minmay_fractal_squares_5, uniq_nergalle
D:11:     xom_teletrap_fun, uniq_snorg, uniq_fannar, uniq_josephine
D:14:     skrybe_vaults_entry_preservation
D:15:     grunt_enter_depths_magical_seal, nicolae_qazlal_eye_of_the_storm
Temple:   minmay_temple_bridge_d
Lair:1:   serial_bayou_ford_a, serial_bayou_lagoon_b,
          infiniplex_staircase_pool_2
Lair:2:   dragon1_lemuel, spider_nest_entry_web_field
Lair:4:   dpeg_oklob_gauntlet, minmay_swamp_entry_reptiles, basic_altar
Lair:5:   dpeg_slime_entry_corner, grunt_megastairs_5
Lair:6:   minmay_lair_end_frog_pond, hellmonk_ghost_happy_afterlife,
          lookout_lair_type, uniq_rupert
Swamp:1:  evilmike_swamp_ruin_house_2
Swamp:2:  ebering_ghost_disaster_area, hangedman_swamp_lotus
Swamp:3:  hangedman_swamp_ruin_wall
Swamp:4:  swamp_old_school
Spider:1: ebering_ghost_xom
Spider:2: uniq_jorgrun
Spider:3: portal_ice_cave_entry_ice_statue_two,
          hangedman_spider_tarantella_strand, uniq_arachne
Spider:4: floodkiller_spider_rune_tomb, uniq_roxanne
Orc:1:    lemuel_ogre_cave, uniq_maurice
Orc:2:    grunt_orc_cross, nicolae_orc_bridge_out
Elf:1:    eino_elf_arrival_the_gate, serial_shops, nicolae_shop_trees,
          hangedman_elf_represent, minmay_shop_grove
Elf:2:    serial_shops, nicolae_shop_stone, shop_fountains,
          nicolae_shop_crystal, shop
Elf:3:    minmay_elf_hall_four_x, basic_altar, grunt_megastairs_3
Vaults:1: vaults_dpeg_hooks, v_alt_pattern_5, nicolae_vaults_little_squares_6,
          grunt_vaults_funnel, nicolae_vaults_little_squares_5,
          nicolae_vaults_diagonal_hallway_7, nicolae_vaults_what_the_h,
          dpeg_vaults_monster_box, vaults_mumra_hexcomb
Vaults:2: hangedman_vaults_corner_blocks, nicolae_vaults_asterisk,
          nicolae_vaults_little_squares_6, v_rooms_6,
          minmay_crypt_entry_simple_plaza, nicolae_vaults_network_s,
          vaults_standard_mumra_x, grunt_vaults_focal, v_alt_pattern_3,
          nicolae_vaults_network_periphery, ontoclasm_vaults_hangar,
          grunt_vaults_hallway_short, serial_shops, shop, uniq_jory
Bailey:   bailey_axe_of_yendor_kennysheep, bailey
IceCv:    ice_cave_caverns_01

Skill      XL: |  1  2  3  4  5  6  7  8  9 10 11 12 13 14 15 16 17 18 19 20 |
---------------+-------------------------------------------------------------+-----
Dodging        | 1 2 3 4 5 6 8 10 11 12 13 14 15 16 | 16.0
Fighting       | 3 4 6 7 8 9 11 12 13 14 16 | 16.6
Axes           | 4 6 8 9 11 12 | 12.0
Evocations     | 2 4 5 6 |  6.0
Invocations    | 1 4 |  4.0
Shields        | 2 6 9 12 13 15 | 15.0
Poison Magic   | 2 3 |  3.0
Conjurations   | 2 |  2.0
Air Magic      | 4 |  4.0
Spellcasting   | 3 5 6 7 8 9 |  9.0
Maces & Flails | 5 7 9 |  9.4
Translocations | 2 3 4 |  4.0
Earth Magic    | 4 6 12 | 12.0
Necromancy     | 4 6 7 |  7.0
Transmutations | 2 3 7 |  7.3
Charms         | 2 |  2.0
Throwing       | |  2.0

Action                   |  1- 3 |  4- 6 |  7- 9 | 10-12 | 13-15 | 16-18 | 19-21 || total
-------------------------+-------+-------+-------+-------+-------+-------+-------++-------
Melee: Hand axe          |    65 |    72 |   191 |   248 |    15 |     7 |       ||   598
       Constrict         |    18 |    21 |    49 |    78 |   165 |   238 |   136 ||   705
       Tentacles         |     6 |     9 |    37 |   112 |   243 |   389 |   231 ||  1027
       War axe           |       |       |       |   242 |   919 |       |       ||  1161
       Spear             |       |       |       |     2 |       |       |       ||     2
       Broad axe         |       |       |       |       |    83 |   167 |       ||   250
       Demon whip        |       |       |       |       |       |  1314 |   932 ||  2246
 Fire: Hunting sling     |       |       |       |     7 |       |       |       ||     7
       Blowgun           |       |       |       |       |       |     6 |       ||     6
Throw: Stone             |     2 |       |       |       |       |       |       ||     2
       Javelin           |       |     6 |     4 |     5 |     5 |       |       ||    20
 Cast: Mephitic Cloud    |       |       |       |       |     6 |    13 |     2 ||    21
       Borgnjor's Vile C |       |       |       |       |       |    10 |    18 ||    28
       Dispel Undead     |       |       |       |       |       |       |     3 ||     3
       Statue Form       |       |       |       |       |       |       |     3 ||     3
Invok: Recall Ancestor   |       |       |     1 |    22 |    33 |    16 |     5 ||    77
       Ancestor Identity |       |       |     1 |       |       |       |       ||     1
       Ancestor Life: Kn |       |       |     1 |       |       |       |       ||     1
       Idealise          |       |       |       |     4 |    15 |    11 |       ||    30
       Transference      |       |       |       |       |     2 |       |       ||     2
 Abil: Evoke Berserk Rag |       |       |       |     1 |     1 |       |       ||     2
Evoke: Wand              |       |       |     7 |     4 |    41 |    18 |     2 ||    72
       Phantom mirror    |       |       |       |     1 |       |       |       ||     1
       Lightning rod     |       |       |       |       |     3 |     3 |       ||     6
       Lamp of fire      |       |       |       |       |       |     2 |       ||     2
  Use: Scroll            |       |    10 |     1 |    10 |    17 |    10 |     9 ||    57
       Potion            |       |     3 |       |     6 |     7 |     7 |     2 ||    25
 Stab: Sleeping          |     5 |     3 |     7 |    11 |     8 |    33 |     8 ||    75
       Paralysed         |       |       |    11 |     4 |       |       |       ||    15
       Distracted        |       |       |     2 |     5 |    12 |     8 |     3 ||    30
       Invisible         |       |       |       |     2 |       |     5 |       ||     7
       Confused          |       |       |       |       |       |     6 |       ||     6
  Eat: Chunk             |     1 |     8 |    12 |    22 |    52 |    35 |    21 ||   151
       Ration            |       |       |       |     3 |     7 |     7 |     5 ||    22
Armor: Skin              |     3 |     6 |     3 |     9 |    12 |    50 |    19 ||   102
Dodge: Dodged            |    44 |    54 |   137 |   388 |   621 |   721 |   261 ||  2226
Block: Buckler           |       |       |     1 |    87 |       |       |       ||    88
       Shield            |       |       |       |    84 |   736 |  1042 |   348 ||  2210

Table legend:
 A = Non-vault XP
 B = Vault XP
 C = Vault XP percentage of total XP
 D = Non-vault monster count
 E = Vault monster count
 F = Vault count percentage of total count
                 A         B        C        D         E       F
            +---------+---------+-------+---------+---------+-------
      Total |  243552 |  246115 |  50.3 |     929 |     513 |  35.6
            +---------+---------+-------+---------+---------+-------
        D:1 |      49 |       2 |   3.9 |      22 |       1 |   4.3
        D:2 |      51 |      21 |  29.2 |      18 |      11 |  37.9
        D:3 |      23 |      15 |  39.5 |      11 |       1 |   8.3
        D:4 |     292 |     120 |  29.1 |      13 |       3 |  18.8
        D:5 |    1248 |       0 |   0.0 |      22 |       0 |   0.0
        D:6 |     240 |     907 |  79.1 |       9 |       5 |  35.7
        D:7 |     355 |    1622 |  82.0 |      16 |       6 |  27.3
        D:8 |     607 |       0 |   0.0 |      16 |       0 |   0.0
        D:9 |    2818 |     207 |   6.8 |      24 |       2 |   7.7
       D:10 |    1801 |    3899 |  68.4 |      18 |      26 |  59.1
       D:11 |    3974 |    3895 |  49.5 |      46 |       6 |  11.5
       D:12 |    9058 |       0 |   0.0 |      54 |       0 |   0.0
       D:13 |    6540 |       0 |   0.0 |      40 |       0 |   0.0
       D:14 |    5994 |    3022 |  33.5 |      23 |       9 |  28.1
       D:15 |   16538 |    7160 |  30.2 |      50 |      11 |  18.0
     Lair:1 |    4447 |       0 |   0.0 |      18 |       0 |   0.0
     Lair:2 |    3396 |       0 |   0.0 |      15 |       0 |   0.0
     Lair:3 |    6430 |       0 |   0.0 |      24 |       0 |   0.0
     Lair:4 |    4160 |    3967 |  48.8 |      11 |       9 |  45.0
     Lair:5 |    4567 |    2321 |  33.7 |      21 |      10 |  32.3
     Lair:6 |   10105 |   17347 |  63.2 |      38 |      49 |  56.3
    Swamp:1 |    5186 |       0 |   0.0 |      20 |       0 |   0.0
    Swamp:2 |    9719 |    1574 |  13.9 |      32 |       1 |   3.0
    Swamp:3 |   10474 |       0 |   0.0 |      32 |       0 |   0.0
    Swamp:4 |    4191 |   17698 |  80.9 |      11 |      19 |  63.3
   Spider:1 |    5024 |    3048 |  37.8 |      10 |       2 |  16.7
   Spider:2 |   19565 |    6584 |  25.2 |      49 |       2 |   3.9
   Spider:3 |   16611 |    1193 |   6.7 |      47 |       3 |   6.0
   Spider:4 |    8021 |   38877 |  82.9 |      27 |      72 |  72.7
      Orc:1 |    1979 |    8979 |  81.9 |      19 |      23 |  54.8
      Orc:2 |    3152 |   11402 |  78.3 |      45 |      32 |  41.6
      Elf:1 |   13719 |    7896 |  36.5 |      23 |      12 |  34.3
      Elf:2 |   13599 |   22684 |  62.5 |      23 |      27 |  54.0
      Elf:3 |    8770 |   50128 |  85.1 |      17 |      36 |  67.9
   Vaults:1 |   32994 |   14560 |  30.6 |      57 |      31 |  35.2
   Vaults:2 |    7855 |    1995 |  20.3 |       8 |       1 |  11.1
     Bailey |       0 |    3521 | 100.0 |       0 |      44 | 100.0
      IceCv |       0 |   11471 | 100.0 |       0 |      59 | 100.0
            +---------+---------+-------+---------+---------+-------
